Map: Lerilak Crest

Players

SoyCrab

  • Race: Protoss Protoss
  • League: Gold

Grumm - Winner!

  • Race: Protoss Protoss
  • League: Gold

VOD

Have the link to the VOD?

Description

Time

  • Played on: Jan. 21, 2016, 8:27 p.m.
  • Length: 14:29
Show
View Real Time Build Order
Export as new Build Order

SoyCrab Protoss 

Build Orders: Double Forge 

Get SALT Encoding   

  12  0:01  Probe (Chrono Boost)  
  13  0:11  Probe (Chrono Boost)  
  14  0:19  Pylon  
  14  0:40  Forge  
  14  0:44  Gateway  
  14  0:54  Pylon  
  14  1:07  Pylon  
  14  1:26  Photon Cannon  
  14  1:29  Photon Cannon  
  14  1:36  Pylon  
  13  1:50  Zealot (Chrono Boost)  
  15  1:55  Pylon, Gateway  
  15  2:00  Pylon  
  15  2:14  Assimilator  
  15  2:15  Probe  
  16  2:27  Probe  
  17  2:35  Cybernetics Core  
  17  2:39  Probe  
  17  2:41  Zealot (Chrono Boost)  
  20  2:59  Photon Cannon  
  20  3:03  Pylon  
  20  3:27  Adept (Chrono Boost)  
  20  3:28  Adept (Chrono Boost)  
  20  3:45  Assimilator  
  20  4:17  Zealot (Chrono Boost)  
  20  4:19  Zealot (Chrono Boost)  
  24  4:29  Forge  
  24  4:35  Warp Gate (Chrono Boost)  
  24  4:37  Pylon  
  24  4:49  Nexus  
  24  4:52  Probe  
  25  5:03  Adept (Chrono Boost)  
  27  5:10  Probe  
  27  5:12  Adept (Chrono Boost)  
  30  5:34  Mothership Core  
  32  5:43  Adept (Chrono Boost)  
  32  5:44  Adept (Chrono Boost)  
  36  5:57  Probe  
  37  6:09  Probe  
  38  6:13  Probe  
  39  6:21  Probe  
  39  6:23  Probe  
  41  6:32  Robotics Facility  
  41  6:34  Probe  
  41  6:35  Pylon  
  41  6:36  Probe  
  43  6:42  Protoss Ground Weapons Level 1 (Chrono Boost)  
  43  6:45  Probe  
  43  6:46  Adept  
  46  6:48  Probe  
  46  6:49  Adept  
  49  7:06  Probe  
  49  7:07  Probe  
  51  7:17  Probe  
  51  7:20  Probe  
  51  7:21  Immortal (Chrono Boost)  
  57  7:32  Probe  
  57  7:33  Probe  
  57  7:36  Assimilator  
  59  7:37  Assimilator  
  59  7:43  Probe  
  59  7:46  Probe  
  59  7:47  Pylon  
  59  7:49  Pylon  
  61  7:56  Immortal (Chrono Boost)  
  65  8:00  Adept x2  
  69  8:39  Nexus, Sentry x2  
  73  8:44  Nexus  
  73  8:48  Probe  
  73  8:49  Probe  
  75  8:58  Probe  
  75  9:01  Probe  
  56  9:14  Zealot x2  
  55  9:17  Probe  
  55  9:18  Probe  
  57  9:30  Probe  
  58  9:36  Stalker x2  
  62  9:50  Photon Cannon  
  62  9:52  Photon Cannon  
  62  9:55  Pylon  
  62  9:56  Pylon  
  62  9:59  Pylon  
  62  10:03  Pylon  
  56  10:12  Immortal (Chrono Boost)  
  60  10:17  Probe x2  
  60  10:18  Probe  
  60  10:19  Probe  
  63  10:39  Probe  
  63  10:40  Probe x2  
  63  10:41  Probe  
  66  10:50  Probe x3  
  66  10:53  Probe  
  74  11:04  Immortal (Chrono Boost)  
  74  11:11  Probe  
  74  11:12  Probe x2  
  74  11:13  Probe  
  78  11:21  Sentry  
  78  11:22  Probe x3, Sentry  
  78  11:25  Probe  
  86  11:42  Gateway  
  86  11:45  Gateway  
  86  11:48  Gateway  
  86  11:50  Gateway  
Show
View Real Time Build Order
Export as new Build Order

Grumm Protoss - Winner!

Build Orders:  

Get SALT Encoding   

  12  0:01  Probe (Chrono Boost)  
  13  0:12  Probe (Chrono Boost)  
  14  0:25  Pylon  
  14  0:26  Probe (Chrono Boost)  
  15  0:43  Probe (Chrono Boost), Gateway  
  16  0:55  Gateway  
  16  0:56  Probe (Chrono Boost)  
  17  1:16  Forge  
  17  1:39  Zealot  
  19  1:51  Photon Cannon  
  19  2:05  Pylon  
  19  2:14  Zealot  
  19  2:15  Zealot  
  23  2:36  Cybernetics Core  
  23  2:42  Probe (Chrono Boost)  
  24  2:56  Assimilator  
  24  3:00  Assimilator  
  24  3:30  Probe (Chrono Boost)  
  24  3:33  Nexus  
  25  3:38  Pylon  
  25  3:41  Probe (Chrono Boost)  
  24  4:07  Probe (Chrono Boost)  
  21  4:17  Probe (Chrono Boost)  
  22  4:29  Photon Cannon  
  22  4:32  Pylon  
  22  4:37  Gateway  
  22  4:41  Gateway  
  22  4:45  Pylon, Probe (Chrono Boost)  
  23  4:46  Probe (Chrono Boost)  
  23  4:49  Warp Gate (Chrono Boost)  
  24  4:56  Probe (Chrono Boost)  
  24  4:57  Mothership Core (Chrono Boost), Stalker  
  29  5:00  Protoss Ground Weapons Level 1  
  29  5:06  Probe (Chrono Boost)  
  30  5:07  Pylon  
  30  5:15  Probe  
  30  5:17  Probe  
  32  5:22  Assimilator  
  32  5:29  Probe  
  32  5:34  Robotics Facility  
  33  5:41  Photon Cannon  
  33  5:43  Probe  
  34  5:55  Photon Cannon  
  34  5:59  Probe x2  
  36  6:06  Stalker  
  36  6:07  Stalker  
  40  6:21  Probe x2  
  42  6:34  Robotics Bay  
  42  6:36  Pylon  
  42  6:43  Immortal (Chrono Boost)  
  46  6:50  Probe x2  
  48  7:00  Stargate  
  48  7:03  Zealot  
  48  7:05  Pylon  
  48  7:06  Adept  
  48  7:08  Probe  
  53  7:13  Assimilator  
  53  7:14  Probe  
  54  7:20  Probe  
  55  7:29  Colossus (Chrono Boost)  
  61  7:33  Probe x2  
  63  7:45  Probe x2  
  63  7:47  Oracle  
  68  7:57  Probe x2  
  70  8:15  Stalker x2  
  70  8:16  Stalker x2  
  78  8:29  Nexus  
  78  8:39  Colossus (Chrono Boost)  
  84  8:42  Void Ray (Chrono Boost)  
  84  8:47  Zealot  
  70  9:10  Stalker  
  70  9:11  Stalker x3  
  76  9:40  Stalker x4  
  76  9:42  Pylon  
  76  9:44  Immortal  
  84  9:48  Void Ray (Chrono Boost)  
  90  10:08  Stalker x4  
  90  10:11  Protoss Ground Armor Level 1  
  98  10:17  Photon Cannon  
  98  10:18  Probe  
  98  10:19  Probe x2  
  101  10:40  Probe  
  101  10:42  Zealot x2  
  101  10:43  Zealot x2  
  107  10:57  Pylon  
  107  11:03  Extended Thermal Lance (Chrono Boost), Immortal  
  107  11:04  Pylon  
  107  11:06  Void Ray  
  115  11:20  Stalker x2, Zealot  
  115  11:21  Stalker  
Tags
 
Add a new tag
Caveats
  • Supply blocks, unpowered buildings, or Contaminate may cause inaccurate times.
  • Supply counts are checked every 10 seconds.